 Dungeon Crawl Stone Soup version 0.24.0-125-gc4c63601f3 (webtiles) character file.

Game seed: 11318217430571213766, levelgen mode: deterministic

95 LordColdy the Cudgeler (level 4, -4/39 HPs)
             Began as a Minotaur Berserker on Feb 24, 2020.
             Was a Follower of Trog.
             Slain by an orc
             ... wielding a +0 war axe
              (6 damage)
             ... on level 3 of the Dungeon.
             The game lasted 00:04:06 (1510 turns).

LordColdy the Cudgeler (Minotaur Berserker)         Turns: 1510, Time: 00:04:07

Health: -4/39      AC:  9    Str: 21    XL:     4   Next: 40%
Magic:  3/3        EV:  5    Int:  4    God:    Trog [*.....]
Gold:   91         SH:  7    Dex: 11    Spells: 3/3 levels left

rFire    . . .     SeeInvis .   a - +0 mace
rCold    . . .     Gourm    .   v - +0 shield
rNeg     . . .     Faith    .   s - +0 chain mail (curse)
rPois    .         Spirit   .   (helmet restricted)
rElec    .         Reflect  .   (no cloak)
rCorr    .         Harm     .   r - +0 pair of gloves
MR       .....                  (no boots)
Stlth    ..........             (no amulet)
HPRegen  0.13/turn              (no ring)
MPRegen  0.08/turn              (no ring)

@: berserk cooldown, slowed, very slow
A: retaliatory headbutt, horns 2
a: Berserk, Renounce Religion


You were on level 3 of the Dungeon.
You worshipped Trog.
Trog was aware of your devotion.
You were very hungry.

You visited 1 branch of the dungeon, and saw 3 of its levels.

You collected 91 gold pieces.

Inventory:

Hand Weapons
 a - a +0 mace (weapon)
Armour
 r - a +0 pair of gloves (worn)
 s - a cursed +0 chain mail (worn)
 v - a +0 shield (worn)
Jewellery
 j - an uncursed ring of see invisible {unknown}
Scrolls
 b - a scroll of magic mapping {unknown}
 d - 2 scrolls of amnesia {unknown}
 e - 3 scrolls of identify {unknown}
 f - 2 scrolls of enchant weapon {unknown}
 g - a scroll of fear {unknown}
 h - 3 scrolls of remove curse {unknown}
 l - a scroll of enchant armour {unknown}
 o - 2 scrolls of teleportation {unknown}
 p - a scroll of random uselessness {unknown}
 q - 4 scrolls of blinking {unknown}
Potions
 i - a potion of heal wounds {unknown}
 k - a potion of haste {unknown}
 m - a potion of agility {unknown}
 n - 4 potions of curing {unknown}
 t - a potion of berserk rage {unknown}
 u - a potion of flight {unknown}
Comestibles
 c - 6 rations


   Skills:
 - Level 3.6 Fighting
 + Level 6.3 Maces & Flails
 - Level 2.4 Armour
 - Level 2.1 Dodging


You had 3 spell levels left.
You didn't know any spells.
Your spell library was empty.

Dungeon Overview and Level Annotations

Branches:
Dungeon (3/15)

Altars:


Innate Abilities, Weirdness & Mutations

You reflexively headbutt those who attack you in melee.
You have a pair of horns on your head.


Message History

The orc priest hits you but does no damage.
The jackal bites you but does no damage.
The orc hits you with a +0 war axe.
You hit the orc but do no damage.
The jackal bites you but does no damage. x2
You block the jackal's attack. The orc priest hits you.
The jackal bites you but does no damage.
The orc completely misses you. You furiously retaliate!
You headbutt the orc, but do no damage. You block the jackal's attack.
The jackal bites you. The jackal completely misses you.
The orc priest invokes the aid of Beogh against you.
Beogh smites you!
* * * LOW HITPOINT WARNING * * *
You hit the orc. You headbutt the orc, but do no damage.
The orc is moderately wounded.
The jackal barely misses you. You furiously retaliate!
You headbutt the jackal!
You kill the jackal!
Trog accepts your kill.
You block the jackal's attack. x2; The orc hits you with a +0 war axe.
You die...

... ....
###...# ......
....#
#######....#
#...%.ooh..#
#(...)@hl..#
#((..(†h####
#.......#
#.......#
#.####.....$.#
#.......######
#########
#######.#
#.......# #.#
#####.......+
#.#
#...........#
#


You could see an orc priest, an orc, 3 jackals and a frilled lizard.

Vanquished Creatures
  Jessica (D:3)
  Natasha (D:3)
  2 adders
  A worm (D:2)
  A leopard gecko (D:2)
  2 orcs (D:3)
  4 bats
  3 hobgoblins
  A jackal (D:3)
  2 frilled lizards
  2 goblins
  3 kobolds (D:1)
23 creatures vanquished.

Notes
Turn   | Place    | Note
-------+----------+-------------------------------------------
     0 | D:1      | LordColdy the Minotaur Berserker began the quest for the
                  | Orb.
     0 | D:1      | Reached XP level 1. HP: 19/19 MP: 0/0
   428 | D:1      | Reached skill level 4 in Maces & Flails
   977 | D:2      | Reached XP level 2. HP: 25/26 MP: 1/1
  1272 | D:2      | Reached skill level 5 in Maces & Flails
  1358 | D:3      | Noticed Natasha
  1359 | D:3      | Noticed Jessica
  1362 | D:3      | Noticed a crimson imp
  1365 | D:3      | Killed Natasha
  1365 | D:3      | Reached XP level 3. HP: 31/31 MP: 2/2
  1368 | D:3      | Killed Jessica
  1368 | D:3      | Reached skill level 6 in Maces & Flails
  1368 | D:3      | Reached XP level 4. HP: 39/39 MP: 3/3
  1510 | D:3      | Slain by an orc

Levels and vault maps discovered:
D:1:      minmay_arrival_plants_in_alcoves, layout_basic, corexii_corridor_pit,
          hex_tiny
D:2:      layout_basic
D:3:      layout_basic, gup_sewer_entry_pipe, first_ration, uniq_jessica,
          uniq_natasha

Skill      XL: |  1  2  3 |
---------------+----------+-----
Maces & Flails | 4 5 6 |  6.3
Fighting       | |  3.6
Armour         | |  2.4
Dodging        | |  2.1

Action                   |  1- 3 |  4- 6 || total
-------------------------+-------+-------++-------
Melee: Mace              |    39 |    14 ||    53
       Headbutt          |     4 |     3 ||     7
Invok: Berserk           |       |     1 ||     1
  Eat: Chunk             |     1 |       ||     1
Armor: Leather armour    |     1 |       ||     1
       Chain mail        |     8 |    18 ||    26
Dodge: Dodged            |    31 |    16 ||    47
Block: Shield            |       |    11 ||    11
